Map: Orbital Shipyard

Players

LiquidBunny (Bunny)

  • Race: Terran Terran
  • League: Grandmaster

Lilbow - Winner!

  • Race: Protoss Protoss

Event: DreamHack ROCCAT LotV Championship

VOD

Have the link to the VOD?

Description

Time

  • Played on: Nov. 26, 2015, 2:09 p.m.
  • Length: 9:27

All games in this series

Show
View Real Time Build Order
Export as new Build Order

LiquidBunny Terran 

Build Orders: Cyclone Opening, Reaper Expand, MMM Bio 

Get SALT Encoding   

  12  0:01  SCV  
  13  0:13  SCV  
  14  0:17  Supply Depot  
  14  0:25  SCV  
  15  0:39  SCV  
  15  0:40  Barracks  
  16  0:43  Refinery  
  16  0:51  SCV  
  17  1:03  SCV  
  18  1:15  SCV  
  19  1:27  Orbital Command  
  19  1:28  Reaper  
  20  1:39  Command Center  
  20  1:46  Refinery  
  20  1:53  SCV  
  21  1:55  Supply Depot  
  21  2:05  Factory  
  21  2:08  SCV  
  21  2:13  Barracks Tech Lab  
  22  2:21  SCV  
  23  2:33  SCV  
  23  2:40  Command Center  
  23  2:50  Orbital Command  
  24  2:56  Cyclone  
  26  2:58  SCV  
  27  3:07  Barracks Reactor  
  27  3:11  SCV  
  28  3:16  SCV  
  29  3:23  SCV  
  29  3:25  Barracks  
  29  3:27  Barracks  
  30  3:28  SCV  
  31  3:35  SCV  
  31  3:38  Cyclone  
  31  3:40  SCV  
  36  3:44  Marine  
  36  3:45  Marine  
  36  3:47  SCV  
  39  3:52  SCV, Orbital Command  
  40  3:58  Engineering Bay  
  40  3:59  SCV  
  41  4:04  SCV  
  41  4:06  Marine x2  
  44  4:11  SCV  
  44  4:12  Cyclone  
  44  4:16  SCV  
  44  4:17  Barracks Tech Lab  
  49  4:18  SCV, Barracks Tech Lab  
  49  4:22  Supply Depot  
  49  4:23  SCV  
  51  4:27  Refinery  
  51  4:30  Refinery  
  51  4:32  SCV  
  51  4:35  Marine x2  
  51  4:36  Stimpack  
  51  4:37  Marine  
  51  4:38  SCV  
  56  4:39  SCV  
  56  4:40  Marine  
  56  4:44  SCV  
  59  4:50  SCV  
  59  4:51  SCV  
  61  4:53  Marine  
  61  4:56  SCV, Marine  
  61  4:58  Marine  
  65  5:02  SCV  
  65  5:05  Marine  
  63  5:11  Marine  
  63  5:12  SCV x2  
  60  5:16  Marine x2  
  60  5:20  SCV  
  61  5:22  Marine  
  61  5:24  SCV  
  61  5:25  Supply Depot, SCV  
  61  5:26  Terran Infantry Weapons Level 1  
  62  5:28  Combat Shields  
  62  5:29  Marine  
  62  5:32  SCV  
  62  5:34  Marine  
  63  5:36  SCV  
  63  5:39  SCV, Factory Reactor, Starport  
  63  5:41  Marauder x2  
  68  5:44  SCV  
  68  5:47  Marine  
  68  5:48  SCV  
  71  5:50  Orbital Command  
  71  5:52  Marine  
  71  5:55  Barracks  
  71  5:57  SCV, Barracks  
  72  5:59  Supply Depot  
  72  6:03  Marauder x2  
  77  6:07  Supply Depot  
  77  6:11  Supply Depot  
  77  6:13  SCV  
  77  6:14  SCV  
  77  6:18  Starport  
  79  6:19  SCV  
  79  6:22  Medivac x2  
  79  6:24  Refinery  
  84  6:25  SCV  
  84  6:29  SCV  
  84  6:30  Marine  
  84  6:31  Marauder  
  84  6:32  SCV  
  86  6:38  SCV  
  87  6:40  Marine  
  87  6:41  SCV, Liberator, Marauder  
  87  6:44  SCV, Liberator  
  87  6:45  Concussive Shells  
  92  6:47  Barracks Reactor  
  92  6:48  Marine  
  92  6:50  SCV  
  92  6:53  SCV  
  95  6:56  SCV  
  102  7:01  Supply Depot  
  102  7:02  SCV  
  102  7:06  SCV  
  102  7:07  Marauder  
  103  7:08  SCV  
  103  7:13  Supply Depot  
  103  7:14  SCV  
  103  7:15  Starport Tech Lab  
  105  7:16  Supply Depot  
  105  7:17  Marine, Liberator  
  105  7:18  Marauder  
  105  7:21  Marauder, Marine  
  84  7:28  Marine  
  85  7:31  Refinery, Marine x2  
  85  7:35  Marine  
  91  7:39  Marauder  
  91  7:42  Marine  
  91  7:43  Marauder  
  96  7:44  Fusion Core  
  96  7:46  Marauder  
  96  7:49  Marine x2  
  96  7:50  SCV x2  
  102  7:52  SCV  
  102  7:54  Marine  
  104  7:58  Liberator  
  104  8:00  Marine  
  104  8:01  Armory, Marauder  
  104  8:02  SCV  
  104  8:03  SCV  
  104  8:04  Marauder  
  111  8:06  Liberator  
  111  8:07  Marine  
  111  8:10  SCV  
  111  8:12  Supply Depot, Marine  
  116  8:13  Marine, Marauder  
  116  8:17  Liberator  
  123  8:32  Command Center  
  123  8:38  Marine x2  
  123  8:39  Marine x2  
  123  8:40  Supply Depot  
  130  8:46  Marine  
  118  8:49  Marine  
  118  8:50  Marauder  
  102  8:56  Marine x2  
  102  8:57  Marine x2  
  109  9:04  Marauder  
  109  9:07  Marine  
Show
View Real Time Build Order
Export as new Build Order

Lilbow Protoss - Winner!

Build Orders: 1 Gate Expand 

Get SALT Encoding   

  12  0:01  Probe (Chrono Boost)  
  13  0:11  Probe (Chrono Boost)  
  14  0:17  Pylon  
  14  0:22  Probe (Chrono Boost)  
  15  0:35  Probe (Chrono Boost)  
  16  0:37  Gateway  
  16  0:42  Assimilator  
  16  0:46  Probe (Chrono Boost)  
  17  0:56  Probe (Chrono Boost)  
  18  1:07  Probe (Chrono Boost)  
  19  1:19  Nexus  
  19  1:28  Cybernetics Core  
  19  1:34  Assimilator  
  19  1:36  Probe (Chrono Boost)  
  20  1:43  Pylon  
  21  1:47  Probe (Chrono Boost)  
  21  1:57  Probe (Chrono Boost)  
  22  2:04  Adept  
  26  2:08  Mothership Core (Chrono Boost)  
  26  2:09  Warp Gate (Chrono Boost)  
  26  2:27  Probe (Chrono Boost)  
  27  2:33  Probe (Chrono Boost)  
  28  2:37  Probe (Chrono Boost)  
  28  2:39  Robotics Facility  
  30  2:44  Probe (Chrono Boost)  
  30  2:48  Probe (Chrono Boost)  
  31  2:54  Probe (Chrono Boost)  
  33  2:58  Probe (Chrono Boost)  
  33  3:05  Probe (Chrono Boost)  
  34  3:09  Probe (Chrono Boost)  
  34  3:11  Gateway x2  
  35  3:15  Probe (Chrono Boost)  
  35  3:19  Probe (Chrono Boost)  
  37  3:25  Warp Prism (Chrono Boost)  
  37  3:26  Probe  
  40  3:31  Probe  
  41  3:36  Pylon  
  41  3:38  Probe  
  41  3:39  Robotics Bay  
  42  3:43  Probe  
  42  3:46  Assimilator  
  43  3:50  Probe, Assimilator  
  43  3:53  Pylon  
  43  3:55  Probe  
  45  3:58  Observer (Chrono Boost)  
  45  4:02  Probe  
  47  4:07  Probe  
  48  4:12  Adept x3  
  48  4:14  Probe  
  55  4:19  Probe, Pylon  
  55  4:23  Pylon  
  55  4:24  Disruptor (Chrono Boost)  
  56  4:26  Probe  
  56  4:29  Gravitic Drive (Chrono Boost)  
  60  4:43  Adept x2  
  60  4:44  Adept  
  64  4:53  Disruptor  
  59  5:24  Disruptor  
  59  5:27  Probe, Forge  
  59  5:28  Probe, Pylon  
  57  5:31  Twilight Council  
  60  5:37  Stalker x3  
  60  5:39  Probe  
  60  5:40  Probe  
  68  5:45  Nexus  
  68  5:47  Protoss Ground Weapons Level 1  
  68  5:51  Probe  
  68  5:52  Probe  
  70  5:59  Observer  
  70  6:04  Probe x2  
  73  6:08  Stalker x3, Pylon  
  73  6:11  Blink (Chrono Boost)  
  79  6:16  Probe x2  
  81  6:28  Probe x2  
  83  6:33  Stalker x2  
  83  6:34  Stalker  
  83  6:35  Pylon  
  89  6:40  Probe x2  
  91  6:52  Probe x2  
  93  7:10  Stalker x3  
  99  7:22  Probe, Disruptor  
  99  7:23  Probe x2  
  99  7:26  Assimilator  
  99  7:27  Gateway  
  99  7:29  Gateway x2  
  102  7:30  Pylon  
  102  7:34  Gateway  
  102  7:35  Stalker x3  
  107  7:41  Gateway  
  107  7:43  Gateway  
  107  7:57  Disruptor  
  107  7:58  Stalker x3  
  116  8:11  Pylon  
  116  8:13  Pylon  
  116  8:27  Stalker x3  
  118  8:30  Stalker, Pylon  
  118  8:31  Stalker x3  
  130  8:37  Stalker x2  
  128  8:56  Stalker x4  
  128  8:57  Stalker x3  
  128  9:00  Pylon  
  128  9:01  Stalker x2  
  146  9:19  Nexus  

Tags
 
Add a new tag
Caveats
  • Supply blocks, unpowered buildings, or Contaminate may cause inaccurate times.
  • Supply counts are checked every 10 seconds.